PAAA
BAKERSFIELD NOBLES @ BALTIMORE BLACK SOX
07/19/2033
 
TOP OF THE 1ST
Bakersfield Nobles batting - Pitching for Baltimore Black Sox : RHP Jordan Turpin
Pitching: RHP Jordan Turpin
Batting: RHB Ed Adams 0-0: Ball
1-0: DOUBLE (Line Drive, 89D)
Batting: RHB Juan Tellado 0-0: Called Strike
0-1: Called Strike
0-2: Ball
1-2: Ball
2-2: Strikes out looking
Batting: SHB Edward Sterrenburg 0-0: Called Strike
0-1: Ball
1-1: Ball
2-1: Ball
3-1: Base on Balls
Batting: RHB Terry Armstrong 0-0: Called Strike
0-1: Called Strike
0-2: Grounds into double play, 4-6-3 (Groundball, 4)
Top of the 1st over - 0 runs, 1 hit, 0 errors, 1 left on base; Bakersfield 0 - Baltimore 0
BOTTOM OF THE 1ST
Baltimore Black Sox batting - Pitching for Bakersfield Nobles : RHP Jaganmani Vivek
Pitching: RHP Jaganmani Vivek
Batting: LHB Ramón Flores 0-0: Ground out 5-3 (Groundball, 5)
Batting: RHB Fernando Martínez 0-0: Ball
1-0: Ball
2-0: Ground out 6-3 (Groundball, 6)
Batting: RHB Daniel Bertrand 0-0: Called Strike
0-1: Swinging Strike
0-2: Strikes out swinging
Bottom of the 1st over - 0 runs, 0 hits, 0 errors, 0 left on base; Bakersfield 0 - Baltimore 0
TOP OF THE 2ND
Bakersfield Nobles batting - Pitching for Baltimore Black Sox : RHP Jordan Turpin
Batting: RHB Pedro Hernández 0-0: Ball
1-0: Ball
2-0: Swinging Strike
2-1: Foul Ball, location: 2F
2-2: Ball
3-2: Fly out, F8 (Flyball, 8LXD)
Batting: RHB Gerardo Castillo 0-0: Foul Ball, location: 2F
0-1: Ball
1-1: Foul Ball, location: 2F
1-2: Strikes out swinging
Batting: RHB António Padilla 0-0: Called Strike
0-1: Ball
1-1: Ball
2-1: Ball
3-1: Foul Ball, location: 2F
3-2: Foul Ball, location: 2F
3-2: Base on Balls
Batting: LHB Melvin Castro 0-0: Ball
1-0: Ball
2-0: Ball
3-0: Base on Balls
António Padilla to second
Batting: RHB Yu-shu Kang 0-0: Called Strike
0-1: Ball
1-1: Called Strike
1-2: Foul Ball, location: 2F
1-2: Strikes out swinging
Top of the 2nd over - 0 runs, 0 hits, 0 errors, 2 left on base; Bakersfield 0 - Baltimore 0
BOTTOM OF THE 2ND
Baltimore Black Sox batting - Pitching for Bakersfield Nobles : RHP Jaganmani Vivek
Batting: LHB Sergio Rodríguez 0-0: Ground out 4-3 (Groundball, 4)
Batting: RHB Berihun Tukufu 0-0: Called Strike
0-1: Fly out, F7 (Flyball, 7D)
Batting: RHB Raúl Cicerón 0-0: Ball
1-0: Ball
2-0: Called Strike
2-1: Foul Ball, location: 2F
2-2: Foul Ball, location: 2F
2-2: Fly out, F4 (Line Drive, 4M)
Bottom of the 2nd over - 0 runs, 0 hits, 0 errors, 0 left on base; Bakersfield 0 - Baltimore 0
TOP OF THE 3RD
Bakersfield Nobles batting - Pitching for Baltimore Black Sox : RHP Jordan Turpin
Batting: RHB Ed Adams 0-0: Ball
1-0: Ball
2-0: Ball
3-0: Fly out, F5 (Line Drive, 56S)
Batting: RHB Juan Tellado 0-0: Ball
1-0: Ball
2-0: Ball
3-0: Called Strike
3-1: Base on Balls
Batting: SHB Edward Sterrenburg 0-0: Called Strike
Juan Tellado steals 2nd base
0-1: Called Strike
Juan Tellado steals 3rd base
0-2: Ball
1-2: Ball
2-2: Ball
3-2: Fly out, F7 (Flyball, 7LS)
Runner from 3rd tags up, SCORES, no throw
Batting: RHB Terry Armstrong 0-0: Called Strike
0-1: Ball
1-1: Foul Ball, location: 2F
1-2: Ball
2-2: Ball
3-2: Base on Balls
Batting: RHB Pedro Hernández 0-0: Ball
1-0: Foul Ball, location: 2F
1-1: Ball
2-1: Fly out, F8 (Line Drive, 89M)
Top of the 3rd over - 1 run, 0 hits, 0 errors, 1 left on base; Bakersfield 1 - Baltimore 0
BOTTOM OF THE 3RD
Baltimore Black Sox batting - Pitching for Bakersfield Nobles : RHP Jaganmani Vivek
Batting: RHB Jeb Sexton 0-0: SINGLE (Line Drive, 78S)
Batting: RHB Lee Storment 0-0: Ball
1-0: Fly out, F9 (Flyball, 9D)
Batting: SHB Alex Mable 0-0: Ball
1-0: Fielders Choice at 2nd, 3-6 (Groundball, 3)
Batting: LHB Ramón Flores 0-0: Ball
Alex Mable steals 2nd base
1-0: Ground out 5-3 (Groundball, 56)
Bottom of the 3rd over - 0 runs, 1 hit, 0 errors, 1 left on base; Bakersfield 1 - Baltimore 0
TOP OF THE 4TH
Bakersfield Nobles batting - Pitching for Baltimore Black Sox : RHP Jordan Turpin
Batting: RHB Gerardo Castillo 0-0: Ball
1-0: Ball
2-0: Called Strike
2-1: Swinging Strike
2-2: Strikes out looking
Batting: RHB António Padilla 0-0: Called Strike
0-1: Ground out 3-1 (Groundball, 34S)
Batting: LHB Melvin Castro 0-0: Ball
1-0: Ball
2-0: Ball
3-0: Base on Balls
Batting: RHB Yu-shu Kang 0-0: Called Strike
0-1: Ball
1-1: Ball
2-1: Foul Ball, location: 2F
2-2: DOUBLE (Line Drive, 7LD)
Melvin Castro to third
Runner from 3rd tries for Home, SAFE, no throw
Batting: RHB Ed Adams 0-0: Ball
1-0: Called Strike
1-1: DOUBLE (Line Drive, 78D)
Yu-shu Kang scores
Batting: RHB Juan Tellado 0-0: Called Strike
0-1: Ground out 6-3 (Groundball, 6)
Top of the 4th over - 2 runs, 2 hits, 0 errors, 1 left on base; Bakersfield 3 - Baltimore 0
BOTTOM OF THE 4TH
Baltimore Black Sox batting - Pitching for Bakersfield Nobles : RHP Jaganmani Vivek
Batting: RHB Fernando Martínez 0-0: Fly out, F8 (Flyball, 8RD)
Batting: RHB Daniel Bertrand 0-0: Ball
1-0: Ball
2-0: Foul Ball, location: 2F
2-1: Ball
3-1: Fly out, F4 (Line Drive, 4)
Batting: LHB Sergio Rodríguez 0-0: Called Strike
0-1: Foul Ball, location: 2F
0-2: Foul Ball, location: 2F
0-2: Ball
1-2: Strikes out looking
Bottom of the 4th over - 0 runs, 0 hits, 0 errors, 0 left on base; Bakersfield 3 - Baltimore 0
TOP OF THE 5TH
Bakersfield Nobles batting - Pitching for Baltimore Black Sox : RHP Jordan Turpin
Batting: SHB Edward Sterrenburg 0-0: Fly out, F9 (Flyball, 89D)
Batting: RHB Terry Armstrong 0-0: Ball
1-0: Ball
2-0: Foul Ball, location: 2F
2-1: Fly out, F8 (Flyball, 8RD)
Batting: RHB Pedro Hernández 0-0: Ball
1-0: Foul Ball, location: 2F
1-1: Ball
2-1: Foul Ball, location: 2F
2-2: SINGLE (Groundball, 6D)
Batting: RHB Gerardo Castillo 0-0: SINGLE (Groundball, 4D)
Pedro Hernández to second
Runner from 2nd tries for 3rd, SAFE, no throw
Batting: RHB António Padilla 0-0: Foul Ball, location: 2F
0-1: Ball
1-1: Fielders Choice at 2nd, 6-4 (Groundball, 6)
Top of the 5th over - 0 runs, 2 hits, 0 errors, 2 left on base; Bakersfield 3 - Baltimore 0
BOTTOM OF THE 5TH
Baltimore Black Sox batting - Pitching for Bakersfield Nobles : RHP Jaganmani Vivek
Batting: RHB Berihun Tukufu 0-0: Called Strike
0-1: Ball
1-1: Called Strike
1-2: Strikes out looking
Batting: RHB Raúl Cicerón 0-0: Ground out U3 (Groundball, 3S)
Batting: RHB Jeb Sexton 0-0: Ball
1-0: Foul Ball, location: 2F
1-1: Swinging Strike
1-2: Ball
2-2: Strikes out swinging
Bottom of the 5th over - 0 runs, 0 hits, 0 errors, 0 left on base; Bakersfield 3 - Baltimore 0
TOP OF THE 6TH
Bakersfield Nobles batting - Pitching for Baltimore Black Sox : RHP Jordan Turpin
Batting: LHB Melvin Castro 0-0: Ball
1-0: Ball
2-0: DOUBLE (Line Drive, 89XD)
Batting: RHB Yu-shu Kang 0-0: 2-RUN HOME RUN (Flyball, 7D), Distance : 383 ft
Pitching: RHP Plinio Pedrulho
Batting: RHB Ed Adams 0-0: Called Strike
0-1: Ball
1-1: SINGLE (Groundball, 34D)
Batting: RHB Juan Tellado 0-0: Called Strike
0-1: Ball
1-1: Called Strike
1-2: Ball
2-2: Foul Ball, location: 2F
2-2: Foul Ball, location: 2F
2-2: Fielders Choice at 2nd, 4-6 (Groundball, 34)
Batting: SHB Edward Sterrenburg 0-0: Ball
1-0: Grounds into double play, 4-6-3 (Groundball, 4)
Top of the 6th over - 2 runs, 3 hits, 0 errors, 0 left on base; Bakersfield 5 - Baltimore 0
BOTTOM OF THE 6TH
Baltimore Black Sox batting - Pitching for Bakersfield Nobles : RHP Jaganmani Vivek
Batting: RHB Lee Storment 0-0: Called Strike
0-1: Fly out, F2 (Popup, 23F)
Batting: SHB Alex Mable 0-0: Swinging Strike
0-1: Foul Ball, location: 2F
0-2: Strikes out looking
Batting: LHB Ramón Flores 0-0: Called Strike
0-1: Ball
1-1: Ground out U3 (Groundball, 34)
Bottom of the 6th over - 0 runs, 0 hits, 0 errors, 0 left on base; Bakersfield 5 - Baltimore 0
TOP OF THE 7TH
Bakersfield Nobles batting - Pitching for Baltimore Black Sox : RHP Plinio Pedrulho
Batting: RHB Terry Armstrong 0-0: SINGLE (Line Drive, 89M)
Batting: RHB Pedro Hernández 0-0: Ground out 5-3 (Groundball, 56S)
Terry Armstrong to second
Batting: RHB Gerardo Castillo 0-0: Ball
1-0: Swinging Strike
1-1: Ball
2-1: Ball
3-1: Called Strike
3-2: Strikes out swinging
Batting: RHB António Padilla 0-0: Swinging Strike
0-1: Ball
1-1: Ball
2-1: Ball
3-1: Swinging Strike
3-2: Fly out, F4 (Popup, 34)
Top of the 7th over - 0 runs, 1 hit, 0 errors, 1 left on base; Bakersfield 5 - Baltimore 0
BOTTOM OF THE 7TH
Baltimore Black Sox batting - Pitching for Bakersfield Nobles : RHP Jaganmani Vivek
Batting: RHB Fernando Martínez 0-0: Swinging Strike
0-1: Called Strike
0-2: Foul Ball, location: 2F
0-2: Ground out 1-3 (Groundball, 15S)
Batting: RHB Daniel Bertrand 0-0: Ball
1-0: Ground out 6-3 (Groundball, 6)
Batting: LHB Sergio Rodríguez 0-0: Ball
1-0: Ball
2-0: Foul Ball, location: 2F
2-1: Swinging Strike
2-2: Ball
3-2: Fly out, F7 (Flyball, 78XD)
Bottom of the 7th over - 0 runs, 0 hits, 0 errors, 0 left on base; Bakersfield 5 - Baltimore 0
TOP OF THE 8TH
Bakersfield Nobles batting - Pitching for Baltimore Black Sox : RHP Plinio Pedrulho
Batting: LHB Melvin Castro 0-0: Foul Ball, location: 2F
0-1: Foul Ball, location: 2F
0-2: Ball
1-2: Strikes out swinging
Batting: RHB Yu-shu Kang 0-0: Fly out, F8 (Flyball, 8RS)
Batting: RHB Ed Adams 0-0: Ball
1-0: Fly out, F8 (Flyball, 8LD)
Top of the 8th over - 0 runs, 0 hits, 0 errors, 0 left on base; Bakersfield 5 - Baltimore 0
BOTTOM OF THE 8TH
Baltimore Black Sox batting - Pitching for Bakersfield Nobles : RHP Jaganmani Vivek
Pitching: RHP Nésto Gago
Batting: RHB Berihun Tukufu 0-0: Swinging Strike
0-1: Ball
1-1: Ground out 5-3 (Groundball, 56S)
Batting: RHB Raúl Cicerón 0-0: Ball
1-0: Called Strike
1-1: Called Strike
1-2: Strikes out swinging
Batting: RHB Jeb Sexton 0-0: Ball
1-0: Foul Ball, location: 2F
1-1: Foul Ball, location: 2F
1-2: Strikes out looking
Bottom of the 8th over - 0 runs, 0 hits, 0 errors, 0 left on base; Bakersfield 5 - Baltimore 0
TOP OF THE 9TH
Bakersfield Nobles batting - Pitching for Baltimore Black Sox : RHP Plinio Pedrulho
Batting: RHB Juan Tellado 0-0: Ball
1-0: Ball
2-0: SINGLE (Groundball, 3D)
Batting: SHB Edward Sterrenburg 0-0: Ball
1-0: Swinging Strike
1-1: Called Strike
1-2: Ball
2-2: Grounds into double play, 6-4-3 (Groundball, 56D)
Batting: RHB Terry Armstrong 0-0: Ball
1-0: Called Strike
1-1: Ball
2-1: Foul Ball, location: 2F
2-2: Ball
3-2: Ground out 1-3 (Groundball, 13)
Top of the 9th over - 0 runs, 1 hit, 0 errors, 0 left on base; Bakersfield 5 - Baltimore 0
BOTTOM OF THE 9TH
Baltimore Black Sox batting - Pitching for Bakersfield Nobles : RHP Nésto Gago
Batting: RHB Lee Storment 0-0: Ground out 4-3 (Groundball, 4)
Batting: SHB Alex Mable 0-0: Called Strike
0-1: Foul Ball, location: 2F
0-2: Strikes out swinging
Batting: LHB Ramón Flores 0-0: Ball
1-0: Fly out, F8 (Line Drive, 78XD)
Bottom of the 9th over - 0 runs, 0 hits, 0 errors, 0 left on base; Bakersfield 5 - Baltimore 0
Saturday, December 22nd, 2018 - OOTP Baseball 18.8 Build 76